 Dungeon Crawl Stone Soup version 0.22-a0-142-g91cc6d7 (webtiles) character file.

8395 Azzok the Jinx (level 11, -5/53 (54) HPs)
             Began as a Deep Elf Enchanter on Feb 5, 2018.
             Was a Priest of Vehumet.
             Slain by a troll simulacrum (10 damage)
             ... in an ice cave.
             The game lasted 00:37:33 (12829 turns).

Azzok the Jinx (Deep Elf Enchanter)                Turns: 12829, Time: 00:37:34

HP:   -5/53 (54)    AC:  6    Str:  5    XL:     11   Next: 9%
MP:   18/18         EV: 13    Int: 24    God:    Vehumet [***...]
Gold: 562           SH:  5    Dex: 15    Spells: 11/17 levels left

rFire    x . .     SeeInvis .   a - +1 dagger
rCold    + . .     Gourm    .   t - +0 buckler
rNeg     . . .     Faith    .   l - +0 robe (curse)
rPois    .         Spirit   .   m - +0 helmet
rElec    .         Reflect  .   (no cloak)
rCorr    .         Harm     .   (no gloves)
MR       +....                  x - +2 pair of boots {run}
Stlth    +++++.....             v - amulet of magic regeneration
HPRegen  0.17/turn              E - ring of ice
MPRegen  0.41/turn              (no ring)

@: about to teleport, quick
A: no striking features
a: Renounce Religion


You were in an ice cave.
You worshipped Vehumet.
Vehumet was most pleased with you.
You were not hungry.

You visited 3 branches of the dungeon, and saw 11 of its levels.
You also visited: Ice Cave.

You collected 562 gold pieces.

Inventory:

Hand Weapons
 a - a +1 dagger (weapon)
 p - a +1 short sword of protection
 H - the +4 hand axe "Goblinslayer" {venom, rF+ rN+ Int+4}
   (You found it on level 7 of the Dungeon)

   It poisons the flesh of those it strikes.
   It affects your intelligence (+4).
   It protects you from fire.
   It protects you from negative energy.
Armour
 l - a cursed +0 robe (worn)
 m - a +0 helmet (worn)
 t - a +0 buckler (worn)
 x - a +2 pair of boots of running (worn)
Jewellery
 v - an amulet of magic regeneration (around neck)
 E - a ring of ice (left hand)
Wands
 b - a wand of iceblast (20)
 C - a wand of enslavement (15)
 F - a wand of acid (6)
 M - a wand of paralysis (11)
Scrolls
 f - 10 scrolls of remove curse
 g - a scroll of identify
 i - 2 scrolls of fog
 j - 3 scrolls of magic mapping
 n - 2 scrolls of enchant armour
 r - a scroll of vulnerability {unknown}
 w - a scroll of amnesia
 y - a scroll of blinking {unknown}
 G - 2 scrolls of enchant weapon {unknown}
 J - a scroll of noise {unknown}
 K - a scroll of random uselessness {unknown}
Potions
 e - 2 potions of haste {unknown}
 h - 3 potions of heal wounds {unknown}
 k - 2 potions of invisibility {unknown}
 o - a potion of berserk rage {unknown}
 q - a potion of curing {unknown}
 u - a potion of might {unknown}
 z - a potion of flight {unknown}
 A - a potion of degeneration {unknown}
 B - 2 potions of ambrosia {unknown}
 D - a potion of mutation {unknown}
 I - a potion of agility {unknown}
 L - a potion of brilliance {unknown}
Comestibles
 d - 11 rations


   Skills:
 + Level 9.6 Short Blades
 - Level 2.4 Dodging
 + Level 12.5 Stealth
 - Level 4.0 Shields
 - Level 3.5 Spellcasting
 + Level 12.6 Hexes


You had 11 spell levels left.
You knew the following spells:

 Your Spells              Type           Power        Failure   Level  Hunger
a - Corona                Hex            ######.      1%          1    None
b - Ensorcelled Hibernat  Hex/Ice        ######       1%          2    #......
c - Confuse               Hex            ######..     1%          3    ###....


Dungeon Overview and Level Annotations

Branches:
Dungeon (9/15)             Temple (1/1) D:6            Lair (1/6) D:8
    Orc: D:9-12

Altars:
Ashenzari
Cheibriados
Dithmenos
Elyvilon
Fedhas
Gozag
Hepliaklqana
Kikubaaqudgha
Makhleb
Nemelex Xobeh
Okawaru
Qazlal
Ru
Sif Muna
Trog
Uskayaw
Vehumet
Wu Jian
Xom
Yredelemnul
Zin
The Shining One

Shops:
D:7 *   D:8 [

Annotations:
IceCv exclusion: ice statue


Message History

Really walk into a travel-excluded area?
The necromancer shouts!
The ice statue gestures.
The naga simulacrum moves out of view.
The ice beast hits you. The ice beast freezes you. You resist.
The ice statue gestures at you.
The freezing blast engulfs the ice beast.
The ice beast completely resists.
You hit the ice beast but do no damage. The ice beast hits you.
The ice beast freezes you. You resist.
The ice beast hits you but does no damage.
As you read the scroll of teleportation, it crumbles to dust.
You feel strangely unstable. The ice statue gestures at you.
The freezing blast engulfs the ice beast.
The ice beast completely resists.
The ice beast hits you. The ice beast freezes you. You resist.
The troll simulacrum bites you!
* * * LOW HITPOINT WARNING * * *
The troll simulacrum freezes you! You resist.
You die...

▒▒▒▒▒ ▒▒▒▒ ▒·(·▒ ▒▒§§▒
▒▒'▒▒ ▒▒§Z@▒▒▒ ▒▒···▒▒
▒§Z§YY§▒▒ ▒·····▒
▒§Z▒▒§§··▒▒▒ ······▒▒
▒·§$▒▒§··^·▒▒ 8·····8▒
▒Z·Z:▒§8····▒ ·······▒
╬pZ|:▒····^·▒▒ ··_····▒
▒ZZ$▒▒····▒··▒ ·······▒
▒·Z▒▒····▒▒·▒▒
8·····8▒▒▒▒▒▒······▒▒··▒▒


You could see an ice statue, 2 ice beasts, 2 troll simulacra and a draconian
simulacrum.

Vanquished Creatures
  A two-headed ogre (D:9)
  Nergalle (Lair:1)
  Joseph (D:7)
  10 freezing wraiths (IceCv)
  A wolf spider simulacrum (IceCv)
  The ghost of Daviar the Changer, an amateur OpTm (D:4)
  A death yak simulacrum (IceCv)
  2 hell hounds (D:8)
  2 water moccasins
  A sky beast (D:8)
  An orc warrior (D:6)
  7 ice beasts
  2 phantoms
  A necrophage (D:7)
  2 ogres
  4 centaurs
  A big kobold (D:8)
  2 bullfrogs (D:6)
  A water moccasin zombie (D:8)
  3 scorpions
  A wyvern skeleton (D:7)
  A swamp dragon simulacrum (IceCv)
  9 killer bees
  3 crimson imps
  3 draconian simulacra (IceCv)
  2 jellies
  3 centaur skeletons
  3 hounds
  3 orc priests
  4 orc wizards
  2 troll simulacra (IceCv)
  A polar bear simulacrum (IceCv)
  2 spriggan simulacra (IceCv)
  2 worker ants
  A centaur simulacrum (IceCv)
  2 hound skeletons
  2 worker ant zombies (D:6)
  3 naga simulacra (IceCv)
  10 adders
  12 white imps (IceCv)
  An ooze (D:3)
  An adder zombie (D:5)
  2 worms
  A dart slug (D:1)
  7 leopard geckos
  19 orcs
  2 bats
  11 giant cockroaches
  6 goblins
  3 hobgoblins
  6 jackals
  7 quokkas
  4 frilled lizards
  A jackal skeleton (D:6)
  9 kobolds
  A quokka skeleton (D:6)
  8 rats
203 creatures vanquished.

Vanquished Creatures (others)
  A goblin (D:2)
1 creature vanquished.

Grand Total: 204 creatures vanquished

Notes
Turn   | Place    | Note
-------+----------+-------------------------------------------
     0 | D:1      | Azzok the Deep Elf Enchanter began the quest for the Orb.
     0 | D:1      | Reached XP level 1. HP: 10/10 MP: 6/6
   561 | D:1      | Reached XP level 2. HP: 15/15 MP: 6/8
   590 | D:1      | Learned a level 2 spell: Ensorcelled Hibernation
  1490 | D:2      | Reached XP level 3. HP: 17/19 MP: 1/10
  1827 | D:1      | Learned a level 3 spell: Confuse
  1945 | D:2      | Reached skill level 5 in Hexes
  1971 | D:2      | Reached XP level 4. HP: 24/24 MP: 11/11
  2087 | D:2      | Found a glowing silver altar of Zin.
  2288 | D:2      | Found a basalt altar of Yredelemnul.
  2290 | D:2      | Noticed a profane servitor
  2306 | D:2      | Found a glowing golden altar of the Shining One.
  2308 | D:2      | Noticed an angel
  3540 | D:3      | Reached XP level 5. HP: 28/28 MP: 9/12
  3549 | D:3      | Reached skill level 5 in Stealth
  3988 | D:4      | Noticed Daviar's ghost (amateur OpTm)
  4506 | D:4      | Reached XP level 6. HP: 20/32 MP: 3/13
  4650 | D:4      | Found the +12 glaive of Prune {chop}
  4677 | D:4      | Found a deep blue altar of Sif Muna.
  5115 | D:4      | Killed Daviar's ghost
  5115 | D:4      | Reached XP level 7. HP: 21/36 MP: 8/14
  5294 | D:5      | Entered Level 5 of the Dungeon
  5633 | D:5      | Found an ornate altar of the Wu Jian Council.
  5635 | D:5      | Found a sacrificial altar of Ru.
  6042 | D:5      | Identified a +2 pair of boots of running (You found it on level 5 of the Dungeon)
  6223 | D:5      | Found an iron altar of Okawaru.
  6315 | D:6      | Reached skill level 1 in Shields
  6407 | D:6      | Found a staircase to the Ecumenical Temple.
  6413 | Temple   | Entered the Ecumenical Temple
  6420 | Temple   | Became a worshipper of Vehumet
  6606 | D:6      | Reached skill level 5 in Short Blades
  6606 | D:6      | Reached XP level 8. HP: 10/41 MP: 3/15
  7533 | D:7      | Found Lunil's Assorted Antiques.
  7728 | D:6      | Reached * piety under Vehumet
  7728 | D:6      | Offered knowledge of Sting by Vehumet.
  8010 | D:7      | Noticed Joseph
  8085 | D:7      | Killed Joseph
  8085 | D:7      | Reached XP level 9. HP: 33/45 MP: 7/16
  8597 | D:7      | Got a steaming hand axe
  8813 | D:8      | Found a stormy altar of Qazlal.
  8832 | D:8      | Found Kogenoq's Armour Boutique.
  8838 | D:8      | Found a bloodstained altar of Trog.
  8862 | D:8      | Identified the +4 hand axe "Goblinslayer" {venom, rF+ rN+ Int+4} (You found it on level 7 of the Dungeon)
  9107 | D:8      | Reached skill level 10 in Hexes
  9120 | D:8      | Found a staircase to the Lair.
  9256 | D:8      | Reached skill level 10 in Stealth
 10140 | D:9      | Noticed a two-headed ogre
 10151 | D:9      | Found a shimmering altar of Xom.
 10154 | D:9      | Killed a two-headed ogre
 10154 | D:9      | Reached ** piety under Vehumet
 10154 | D:9      | Reached XP level 10. HP: 49/49 MP: 17/17
 10204 | D:9      | Offered knowledge of Magic Dart by Vehumet.
 10464 | Lair:1   | Entered Level 1 of the Lair of Beasts
 10464 | Lair:1   | Noticed Nergalle
 10470 | Lair:1   | Killed Nergalle
 10521 | Lair:1   | Found a frozen archway.
 10541 | IceCv    | Entered an ice cave
 10932 | IceCv    | Offered knowledge of Throw Frost by Vehumet.
 11649 | IceCv    | Found an ancient bone altar of Kikubaaqudgha.
 11940 | IceCv    | Reached XP level 11. HP: 53/53 MP: 14/18
 12062 | IceCv    | Reached *** piety under Vehumet
 12821 | IceCv    | Noticed a necromancer
 12829 | IceCv    | Slain by a troll simulacrum

Vault maps used:
D:1:      erik_arrival_cave_to_civilisation
D:2:      grunt_temple_overflow_holy_war, lemuel_coloured_pillars_altar
D:4:      lemuel_doored_altar, first_ration
D:5:      nicolae_overflow_hidden_temple, nicolae_ru_awakened_eye,
          old_standard_altar
D:6:      minmay_temple_entry_enclosed_plants, kennysheep_generic_room_5
D:7:      serial_shops, shop, uniq_joseph
D:8:      kennysheep_mini, grunt_qazlal_sundering, minmay_lair_entry_lava,
          serial_shops, shop
D:9:      old_standard_altar, david_orc_2, hangedman_pestilent_swarm
Temple:   nicolae_temple_no_exploring_needed
Lair:1:   portal_ice_cave_entry_pillars_2, grunt_megastairs_2, uniq_nergalle
IceCv:    ice_cave_small_necro

Skill      XL: |  1  2  3  4  5  6  7  8  9 10 |
---------------+-------------------------------+-----
Short Blades   | 2 3 4 5 6 7 9 |  9.6
Stealth        | 4 5 6 7 9 10 12 | 12.5
Hexes          | 5 6 7 9 10 12 | 12.6
Shields        | 2 3 4 |  4.0
Dodging        | |  2.4
Spellcasting   | |  3.5

Action                   |  1- 3 |  4- 6 |  7- 9 | 10-12 || total
-------------------------+-------+-------+-------+-------++-------
Melee: Dagger            |    82 |    94 |   141 |   240 ||   557
       Glaive            |       |     3 |       |       ||     3
       Hand axe          |       |       |     2 |       ||     2
 Cast: Corona            |     8 |     2 |     2 |     3 ||    15
       Ensorcelled Hiber |    25 |    53 |    84 |     2 ||   164
       Confuse           |       |    12 |    22 |    66 ||   100
  Use: Scroll            |       |       |     9 |     2 ||    11
 Stab: Sleeping          |    23 |    34 |    64 |     6 ||   127
       Confused          |       |     5 |    17 |    49 ||    71
       Distracted        |       |       |     1 |       ||     1
  Eat: Chunk             |     4 |     8 |    14 |       ||    26
       Ration            |       |     1 |     1 |     4 ||     6
Armor: Robe              |    20 |    20 |    15 |    18 ||    73
Dodge: Dodged            |    69 |    50 |    51 |    48 ||   218
Block: Buckler           |       |       |     8 |    11 ||    19

Table legend:
 A = Spawn XP
 B = Non-spawn XP
 C = Spawn XP percentage of total XP
 D = Spawn monster count
 E = Non-spawn monster count
 F = Spawn count percentage of total count
 G = Total turns spent on level
                    A         B        C        D         E        F      G
               +---------+---------+-------+---------+---------+-------+---------
         Total |       0 |   11994 |   0.0 |       0 |     203 |   0.0 | 12829
               +---------+---------+-------+---------+---------+-------+---------
           D:1 |       0 |      35 |   0.0 |       0 |      21 |   0.0 |  1519
           D:2 |       0 |      70 |   0.0 |       0 |      18 |   0.0 |  1247
           D:3 |       0 |     161 |   0.0 |       0 |      21 |   0.0 |  1202
           D:4 |       0 |     515 |   0.0 |       0 |      18 |   0.0 |  1496
           D:5 |       0 |     199 |   0.0 |       0 |      11 |   0.0 |   847
           D:6 |       0 |    1045 |   0.0 |       0 |      21 |   0.0 |  1375
           D:7 |       0 |    1528 |   0.0 |       0 |      23 |   0.0 |  1066
           D:8 |       0 |    1003 |   0.0 |       0 |      18 |   0.0 |  1369
           D:9 |       0 |    1408 |   0.0 |       0 |       7 |   0.0 |   328
        Lair:1 |       0 |     959 |   0.0 |       0 |       2 |   0.0 |    77
         IceCv |       0 |    5071 |   0.0 |       0 |      43 |   0.0 |  2288
               +---------+---------+-------+---------+---------+-------+---------
